 Dungeon Crawl Stone Soup version 0.13-a0-2202-g857913d (webtiles) character file.

870 Kae the Ruinous (level 7, -2/36 HPs)
             Began as a Tengu Fire Elementalist on July 2, 2013.
             Was a Follower of Sif Muna.
             Slain by an orc
             ... wielding a +2,+3 orcish spear
              (5 damage)
             ... on Level 5 of the Dungeon.
             The game lasted 00:11:18 (5932 turns).

Kae the Ruinous (Tengu Fire Elementalist)           Turns: 5932, Time: 00:11:19

HP  -2/36        AC  3     Str  8      XL: 7   Next: 46%
MP  13/16        EV 12     Int 17      God: Sif Muna [*.....]
Gold 250         SH  0     Dex 15      Spells:  3 memorised,  6 levels left

Res.Fire  : . . .   See Invis. : .   p - +1,+0 quarterstaff
Res.Cold  : . . .   Warding    : .   a - +0 robe
Life Prot.: . . .   Conserve   : .   (no shield)
Res.Poison: .       Res.Corr.  : .   (helmet restricted)
Res.Elec. : .       Clarity    : .   r - +0 dwarf cloak
Sust.Abil.: . .     Spirit.Shd : .   (no gloves)
Res.Mut.  : .       Stasis     : .   (boots unavailable)
Res.Rott. : .       Flight     : .   (no amulet)
Saprovore : . . .                    (no ring)
                                     g - ring of sustenance

@: slightly resistant to hostile enchantments, fairly stealthy
A: able to fly, beak, talons 3
a: Fly, Channel Energy, Renounce Religion


You were on level 5 of the Dungeon.
You worshipped Sif Muna.
Sif Muna was pleased with you.
You were hungry.

You visited 2 branches of the dungeon, and saw 6 of its levels.

You collected 230 gold pieces.

Inventory:

Hand weapons
 p - a +1,+0 quarterstaff (weapon)
Armour
 a - a +0 robe (worn)
 r - a +0 dwarven cloak (worn)
Magical devices
 k - a wand of slowing (10)
Comestibles
 c - 4 bread rations
 h - a pear
 n - 5 meat rations
Scrolls
 d - a scroll of teleportation
 e - 4 scrolls of identify
 s - 2 scrolls of remove curse
Jewellery
 g - a ring of sustenance (left hand)
Potions
 i - 3 potions of heal wounds {unknown}
 j - 3 potions of restore abilities
 l - a potion of brilliance {unknown}
 m - a potion of agility {unknown}
 o - a potion of curing
 q - a potion of flight {unknown}
 t - a potion of cure mutation {unknown}
 u - 2 potions of poison {unknown}
Books
 b - a book of Flames

   Spells                             Type                      Level
   *Flame Tongue                      Conjuration/Fire             1
   *Throw Flame                       Conjuration/Fire             2
   *Conjure Flame                     Conjuration/Fire             3
   Inner Flame                        Hexes/Fire                   3
   Sticky Flame                       Conjuration/Fire             4
   Fireball                           Conjuration/Fire             5
 x - a book of Burglary

   Spells                             Type                      Level
   Apportation                        Translocation                1
   Swiftness                          Charms/Air                   2
   Passwall                           Transmutation/Earth          3
   Passage of Golubria                Translocation                4
   Lee's Rapid Deconstruction         Earth                        5
   Darkness                           Hexes                        7


   Skills:
 - Level 2.1 Dodging
 - Level 2.0 Stealth
 + Level 3.3 Spellcasting
 * Level 6.5 Conjurations
 * Level 6.1 Fire Magic


You had 6 spell levels left.
You knew the following spells:

 Your Spells              Type           Power        Failure   Level  Hunger
a - Flame Tongue          Conj/Fire      ###..        1%          1    None
b - Throw Flame           Conj/Fire      ###...       1%          2    ##.....
c - Conjure Flame         Conj/Fire      ###.....     4%          3    ###....


Dungeon Overview and Level Annotations

Branches:
Dungeon (5/27)             Temple (1/1) D:5

Altars:
Cheibriados
Kikubaaqudgha
Nemelex Xobeh
Sif Muna
Trog

Shops:
D:5: }

Annotations
D:3 exclusion: orc wizard
D:4 2 exclusions, Menkaure


Innate Abilities, Weirdness & Mutations

You can fly.
You have a beak for a mouth.
You have claws for feet.


Message History

Press: ? - help, Shift-Dir - straight line, f/p - orc priest
Aim: an orc priest, wielding an orcish short sword (severely wounded)
The flame misses the orc priest.
The orc priest hits you but does no damage.
The orc hits you with an orcish hand axe.
The orc hits you with an orcish spear.
* * * LOW HITPOINT WARNING * * *
Casting: Flame Tongue
Confirm with . or Enter, or press ? or * to list all spells.
Aiming: Flame Tongue
Press: ? - help, Shift-Dir - straight line, f/p - orc priest
Aim: an orc priest, wielding an orcish short sword (severely wounded)
The flame hits the orc priest.
You kill the orc priest!
The orc hits you with an orcish hand axe.
* * * LOW HITPOINT WARNING * * *
The orc hits you with an orcish spear.
* * * LOW HITPOINT WARNING * * *
The orc hits you from afar with an orcish spear.
You die...

.>.......############.
.......................
........................
..(......................
..........)......^<......
$...!...............>....
.....(.)o.................
........(.................
........o@.........<......
.........................
.........................
.........................
######...#.........#....
##########....#.#..
######.... ##.>. #...


You could see 2 orcs.

Vanquished Creatures
  2 ogres (D:4)
  Blork the orc (D:4)
  An orc priest (D:5)
  An orc wizard (D:3)
  A scorpion (D:4)
  A worker ant (D:4)
  10 adders
  7 gnolls
  A giant mite (D:4)
  2 grey rats (D:2)
  4 giant geckos
  An ooze (D:2)
  6 orcs
  3 ball pythons
  10 bats
  16 goblins
  12 hobgoblins
  12 kobolds
  3 giant cockroaches
  4 giant newts
  6 jackals
  20 rats
  A butterfly (D:5)
125 creatures vanquished.

Vanquished Creatures (others)
  2 giant newts
  2 goblins (D:3)
  A rat (D:3)
5 creatures vanquished.

Grand Total: 130 creatures vanquished

Notes
Turn   | Place    | Note
--------------------------------------------------------------
     0 | D:1      | Kae, the Tengu Fire Elementalist, began the quest for the Orb.
     0 | D:1      | Reached XP level 1. HP: 10/10 MP: 3/3
   106 | D:1      | Reached XP level 2. HP: 3/15 MP: 0/5
   158 | D:1      | Learned a level 2 spell: Throw Flame
   545 | D:1      | Found a sparkling altar of Nemelex Xobeh.
   895 | D:1      | Reached XP level 3. HP: 17/19 MP: 5/7
  1122 | D:2      | Reached skill level 4 in Fire Magic
  1521 | D:2      | Reached XP level 4. HP: 22/24 MP: 4/8
  2691 | D:3      | Reached XP level 5. HP: 28/28 MP: 4/11
  2927 | D:3      | HP: 1/28 [poisoned by an adder]
  3234 | D:3      | Found a deep blue altar of Sif Muna.
  3331 | D:3      | Became a worshipper of Sif Muna the Loreminder
  3575 | D:3      | HP: 1/28 [orc wizard/magic dart (7)]
  3577 | D:3      | Reached skill level 5 in Fire Magic
  3886 | D:3      | Reached XP level 6. HP: 32/32 MP: 13/13
  4029 | D:3      | Reached skill level 5 in Conjurations
  4420 | D:4      | Learned a level 3 spell: Conjure Flame
  4509 | D:4      | Noticed Blork the orc
  4513 | D:4      | Killed Blork the orc
  4729 | D:4      | Noticed Menkaure
  4852 | D:4      | Reached XP level 7. HP: 36/36 MP: 13/16
  4926 | D:4      | Reached skill level 6 in Conjurations
  4950 | D:4      | Acquired Sif Muna's first power
  5201 | D:4      | Found a bloodstained altar of Trog.
  5361 | D:5      | Entered Level 5 of the Dungeon
  5363 | D:5      | Found Maqigib's Gadget Emporium.
  5569 | D:5      | Found a staircase to the Ecumenical Temple.
  5665 | Temple   | Entered the Ecumenical Temple
  5932 | D:5      | Slain by an orc

Action                   |  1- 3 |  4- 6 |  7- 9 || total
-------------------------+-------+-------+-------++-------
Melee: Unarmed           |    34 |       |       ||    34
       Quarterstaff      |       |    30 |     2 ||    32
 Cast: Flame Tongue      |    59 |   100 |    42 ||   201
       Throw Flame       |       |    12 |     7 ||    19
       Conjure Flame     |       |     3 |     1 ||     4
  Use: Scroll            |       |     8 |     3 ||    11
       Potion            |       |     3 |       ||     3
 Stab: Sleeping          |     2 |     1 |       ||     3
